 Dungeon Crawl Stone Soup version 0.28.0-1-gb440e238dd (webtiles) character file.

Game seed: 4543822788855651513

3104 spaghetti the Covert (level 9, -1/56 HPs)
             Began as an Octopode Delver on Feb 19, 2022.
             Was a Priest of Dithmenos.
             Slain by a killer bee (2 damage)
             ... on level 8 of the Dungeon.
             The game lasted 00:08:15 (7505 turns).

spaghetti the Covert (Octopode Delver)              Turns: 7505, Time: 00:08:16

Health: -1/56      AC:  1    Str: 12    XL:     9   Next: 90%
Magic:  9/9        EV: 16    Int: 12    God:    Dithmenos [***...]
Gold:   292        SH:  0    Dex: 17    Spells: 8/8 levels left

rFire   . . .      SeeInvis .   d - +4 short sword (speed)
rCold   . . .      Faith    .   (no shield)
rNeg    . . .      Spirit   .   (helmet restricted)
rPois   +          Reflect  .   g - amulet of the acrobat
rElec   .          Harm     .   (no ring)
rCorr   .          Rampage  .   (no ring)
Will    .....                   (no ring)
Stlth   ++++++++..              (no ring)
HPRegen 0.18/turn               (no ring)
MPRegen 0.11/turn               (no ring)
                                (no ring)
                                (no ring)

@: hasted, wreathed by umbra, very quick
A: almost no armour, amphibious, 8 rings, camouflage 1, gelatinous body 1,
(nimble swimmer 1), tentacles, tentacle spike 1, poison resistance, subdued
magic 1, MP-powered wands
a: Renounce Religion, Shadow Step


You were on level 8 of the Dungeon.
You worshipped Dithmenos.
Dithmenos was most pleased with you.
You visited 1 branch of the dungeon, and saw 8 of its levels.

You collected 292 gold pieces.

Inventory:

Hand Weapons
 a - a +0 falchion
 d - a +4 short sword of speed (weapon)
 v - the +11 war axe "Diusamun" {venom, +Blink rElec}
   (You found it on level 7 of the Dungeon)

   It poisons the flesh of those it strikes.
   rElec:     It insulates you from electricity.
   +Blink:    It lets you blink.
Missiles
 c - a throwing net (quivered)
Armour
 n - a +0 kite shield
Jewellery
 g - an amulet of the acrobat (around mantle)
Wands
 f - a wand of digging (3)
 k - a wand of iceblast (5)
 s - a wand of charming (9)
Scrolls
 b - 2 scrolls of fog
 m - a scroll of summoning {unknown}
 p - a scroll of identify
Potions
 e - 3 potions of haste
 h - 2 potions of flight {unknown}
 j - a potion of heal wounds {unknown}
 l - a potion of ambrosia {unknown}
 q - a potion of cancellation
 r - a potion of invisibility {unknown}
 t - a potion of resistance
 u - a potion of might {unknown}


   Skills:
 - Level 3.0 Fighting
 + Level 9.8(10.0) Short Blades
 - Level 2.0(6.5) Long Blades
 + Level 5.6 Dodging
 - Level 12.4 Stealth


You had 8 spell levels left.
You didn't know any spells.
Your spell library contained the following spells:

 Spells                   Type           Power      Damage    Failure   Level
 Magic Dart               Conj           0%         1d3       28%         1
 Corpse Rot               Necr/Air       0%         N/A       41%         2
 Searing Ray              Conj           0%         2d4       41%         2
 Dazzling Flash           Conj/Hex       0%         N/A       65%         3
 Dispel Undead            Necr           0%         3d6       96%         4
 Fulminant Prism          Conj/Hex       0%         3d6       96%         4
 Agony                    Necr           0%         N/A       100%        5
 Silence                  Hex/Air        0%         N/A       100%        5
 Death Channel            Necr           0%         N/A       100%        6


Dungeon Overview and Level Annotations

Branches:
Dungeon (8/15)             Temple (0/1) D:6
   Lair: D:8-11

Altars:
Dithmenos
Fedhas
Kikubaaqudgha
Makhleb
Trog
Zin
The Shining One

Annotations:
D:4 2 transporters
D:5 3 runed translucent doors, Theoretic's ghost, novice VSDe


Innate Abilities, Weirdness & Mutations

You cannot wear most types of armour.
You are amphibious.
You can wear up to eight rings at the same time.
Your skin changes colour to match your surroundings (Stealth+).
Your rubbery body absorbs attacks. (AC +1, EV +1)
((You are camouflaged when in or above water. (Stealth+)))
You have tentacles for arms and can constrict up to eight enemies at once.
One of your tentacles bears a spike.
Your system is resistant to poisons. (rPois)
Your spells are a little easier to cast, but a little less powerful.
You expend magic power (3 MP) to strengthen your wands.


Message History

You are too injured to fight recklessly!
You are too injured to fight recklessly!
You miss the killer bee. You grab the killer bee.
You constrict the killer bee, but do no damage.
The killer bee closely misses you. The killer bee barely misses you.
The killer bee stings you.
You hit the killer bee.
You pierce the killer bee, but do no damage.
The killer bee is moderately wounded.
You constrict the killer bee, but do no damage.
The killer bee misses you. x2
You barely miss the killer bee.
You pierce the killer bee.
The killer bee is heavily wounded.
You constrict the killer bee. The killer bee barely misses you.
You feel better.
You constrict the killer bee. The killer bee barely misses you.
The killer bee stings you!
* * * LOW HITPOINT WARNING * * *
The killer bee closely misses you. The killer bee stings you!
* * * LOW HITPOINT WARNING * * *
The killer bee misses you. The killer bee closely misses you.
You hit the killer bee.
Your tentacle spike misses the killer bee.
You squeeze the killer bee.
You kill the killer bee!
Dithmenos accepts your kill. The killer bee barely misses you.
The killer bee closely misses you.
Okay, then.
Okay, then.
Okay, then.
You feel better. The killer bee completely misses you.
The killer bee stings you!
* * * LOW HITPOINT WARNING * * *
The killer bee stings you.
* * * LOW HITPOINT WARNING * * *
The killer bee closely misses you.
Okay, then.
You feel yourself speed up. The killer bee stings you.
* * * LOW HITPOINT WARNING * * *
The killer bee stings you.
You die...

#>...≈≈≈≈≈.....#
.....
#....≈###≈.....#
.... #....≈#
#≈)....# .##
##...≈#+#≈[)...# #
##+##≈≈.≈≈.....##.
#........)........
#......<.).....[...
#..................
#.....y@##.....##..
#.....y†##.....# ..
##......##[)...#
#......##o....#
#..............#
#..............#
#..............#
##......##.....#
###+###


You could see 2 killer bees.

Vanquished Creatures
  A wyvern (D:7)
  A steam dragon (D:7)
  A water moccasin (D:8)
  2 orc warriors (D:8)
  A black bear (D:4)
  2 ogres
  2 sky beasts
  3 phantoms (D:5)
  A kobold brigand (D:7)
  A scorpion (D:3)
  A bullfrog (D:7)
  A wyvern zombie (D:6)
  4 water moccasin zombies
  12 killer bees
  A howler monkey (D:8)
  A bullfrog zombie (D:6)
  2 jellies (D:6)
  4 orc priests
  2 hounds
  3 iguanas
  Natasha (thrice) (D:2)
  4 orc wizards
  Terence (D:2)
  A killer bee zombie (D:5)
  Robin (D:2)
  2 adders
  5 gnolls
  A howler monkey skeleton (D:4)
  3 worms
  A dart slug (D:2)
  18 orcs
  5 bats
  3 endoplasms (D:1)
  2 giant cockroaches
  19 goblins
  12 hobgoblins
  4 jackals (D:2)
  12 kobolds
  3 quokkas
  3 ball pythons
  A frilled lizard (D:2)
  6 rats
156 creatures vanquished.

Vanquished Creatures (collateral kills)
  A gnoll sergeant (D:6)
  A gnoll (D:6)
2 creatures vanquished.

Vanquished Creatures (others)
  A gnoll (D:6)
1 creature vanquished.

Grand Total: 159 creatures vanquished

Notes
Turn   | Place    | Note
-------+----------+-------------------------------------------
     0 | D:5      | spaghetti the Octopode Delver began the quest for the Orb.
     0 | D:5      | Reached XP level 1. HP: 16/16 MP: 1/1
     8 | D:5      | Found a glowing drain.
   197 | D:5      | Reached skill level 7 in Stealth
   400 | D:5      | Reached XP level 2. HP: 11/21 MP: 2/2
   568 | D:5      | Reached skill level 8 in Stealth
   568 | D:5      | Reached XP level 3. HP: 14/26 MP: 3/3
   743 | D:5      | Gained mutation: Your spells are a little harder to cast,
                  | but a little more powerful. [potion of mutation]
   743 | D:5      | Gained mutation: You are clumsy. (Dex -2) [potion of
                  | mutation]
   747 | D:5      | HP: 1/26 [orc (4)]
  1344 | D:5      | Reached XP level 4. HP: 18/31 MP: 4/4
  1511 | D:5      | Noticed a phantom
  1517 | D:5      | Killed a phantom
  1518 | D:5      | Reached skill level 9 in Stealth
  1518 | D:5      | Reached XP level 5. HP: 36/36 MP: 5/5
  1523 | D:5      | Found a runed translucent gate.
  1523 | D:5      | Found a runed translucent gate.
  1523 | D:5      | Found a runed translucent gate.
  1525 | D:5      | Noticed Theoretic's ghost (novice VSDe)
  1598 | D:5      | Reached skill level 10 in Stealth
  1773 | D:5      | Noticed a phantom
  1775 | D:5      | Noticed a phantom
  1789 | D:5      | Killed a phantom
  1790 | D:5      | Reached skill level 11 in Stealth
  1790 | D:5      | Reached XP level 6. HP: 28/42 MP: 6/6
  2111 | D:6      | Found a shadowy altar of Dithmenos.
  2140 | D:6      | Reached skill level 12 in Stealth
  2140 | D:6      | Reached XP level 7. HP: 24/46 MP: 7/7
  2152 | D:6      | Became a worshipper of Dithmenos the Shadowed
  2691 | D:4      | Lost mutation: You are clumsy. (Dex -2) [potion of
                  | mutation]
  2691 | D:4      | Lost mutation: Your spells are a little harder to cast, but
                  | a little more powerful. [potion of mutation]
  2691 | D:4      | Gained mutation: Your body sometimes deteriorates upon
                  | taking damage. [potion of mutation]
  2691 | D:4      | Gained mutation: Your spells are a little harder to cast,
                  | but a little more powerful. [potion of mutation]
  2709 | D:4      | Reached XP level 8. HP: 50/52 MP: 8/8
  2782 | D:4      | Found a transporter.
  2819 | D:4      | Found a transporter.
  2860 | D:3      | Reached skill level 5 in Short Blades
  2910 | D:3      | Found an ancient bone altar of Kikubaaqudgha.
  3141 | D:3      | Reached * piety under Dithmenos
  3560 | D:2      | Noticed Terence
  3566 | D:2      | Killed Terence
  3569 | D:2      | Noticed Natasha
  3576 | D:2      | Killed Natasha
  3671 | D:2      | Noticed Robin
  3674 | D:2      | Killed Robin
  3802 | D:2      | Found a burning altar of Makhleb.
  3845 | D:2      | Noticed Natasha
  3852 | D:2      | Killed Natasha
  4073 | D:2      | Noticed Natasha
  4080 | D:2      | Killed Natasha
  4267 | D:1      | Reached ** piety under Dithmenos
  4286 | D:1      | Lost mutation: Your spells are a little harder to cast, but
                  | a little more powerful. [potion of mutation]
  4286 | D:1      | Lost mutation: Your body sometimes deteriorates upon taking
                  | damage. [potion of mutation]
  4286 | D:1      | Gained mutation: Your spells are a little easier to cast,
                  | but a little less powerful. [potion of mutation]
  4286 | D:1      | Gained mutation: Your system is resistant to poisons.
                  | (rPois) [potion of mutation]
  4286 | D:1      | Gained mutation: One of your tentacles bears a spike.
                  | [potion of mutation]
  4286 | D:1      | Gained mutation: You expend magic power (3 MP) to
                  | strengthen your wands. [potion of mutation]
  4625 | D:1      | Found a faded altar of an unknown god.
  5346 | D:6      | Found a bloodstained altar of Trog.
  5346 | D:6      | Found a blossoming altar of Fedhas.
  5348 | D:6      | Found a glowing golden altar of the Shining One.
  5359 | D:6      | Found a staircase to the Ecumenical Temple.
  6047 | D:7      | Reached XP level 9. HP: 56/56 MP: 9/9
  6493 | D:7      | Identified the +11 war axe "Diusamun" {venom, +Blink rElec}
  6790 | D:7      | Found a glowing silver altar of Zin.
  6833 | D:8      | Reached *** piety under Dithmenos
  6834 | D:8      | Reached skill level 5 in Dodging
  7505 | D:8      | HP: 1/56 [killer bee (4)]
  7505 | D:8      | Slain by a killer bee

Illustrated notes

Levels and vault maps discovered:
D:1:      scummos_arrival_star, layout_basic,
          shapermc_ecumenical_altar_mp_urbaneastern
D:2:      layout_loops_ring, basic_altar, kennysheep_nub,
          nicolae_concentric_dashed_squares_wild, uniq_natasha, uniq_robin,
          uniq_terence
D:3:      layout_loops_cross, kiku_gazebo_pond_becter,
          minmay_misc_feat_secret_circle
D:4:      gammafunk_cloud_chamber, layout_basic
D:5:      layout_loops_ring, gammafunk_ghost_necromancy,
          cheibrodos_sewer_entry_sluice
D:6:      layout_loops_ring, nicolae_dithmenos_shadow_blocks,
          nicolae_overflow_hidden_temple, minmay_temple_entry_statues_fountains
D:7:      layout_rooms, zin_treasury
D:8:      layout_gridville, serial_shops, kennysheep_mini_moat

Skill      XL: |  1  2  3  4  5  6  7  8  9 |
---------------+----------------------------+-----
Stealth        | 7 8 9 11 12 | 12.4
Short Blades   | 4 8 9 |  9.8
Dodging        | 5 |  5.6
Fighting       | |  3.0
Long Blades    | |  2.0

Action                   |  1- 3 |  4- 6 |  7- 9 || total
-------------------------+-------+-------+-------++-------
Melee: Falchion          |    24 |       |       ||    24
       Tentacles         |    10 |     5 |    57 ||    72
       Constrict         |     9 |     3 |    51 ||    63
       Punch             |     1 |     1 |     6 ||     8
       Short sword       |     4 |    44 |   279 ||   327
       Kick              |       |       |    57 ||    57
Evoke: Wand              |       |       |     1 ||     1
  Use: Scroll            |     3 |       |     6 ||     9
       Potion            |     2 |     4 |     6 ||    12
 Stab: Sleeping          |     4 |     4 |    72 ||    80
       Distracted        |       |       |     2 ||     2
Armor: Skin              |       |     2 |     4 ||     6
Dodge: Dodged            |    11 |    18 |   124 ||   153
